 Dungeon Crawl Stone Soup version 0.27.1-35-g4d5d836560 (webtiles) character file.

Game seed: 2007209419423447390

1120 Delamore the Covert (level 8, -5/50 HPs)
             Began as an Octopode Brigand on Apr 14, 2022.
             Slain by an orc warrior (13 damage)
             ... on level 6 of the Dungeon.
             The game lasted 00:05:13 (5674 turns).

Delamore the Covert (Octopode Brigand)              Turns: 5674, Time: 00:05:14

Health: -5/50      AC:  1    Str: 11    XL:     8   Next: 34%
Magic:  8/8        EV: 16    Int: 13    God:
Gold:   233        SH:  4    Dex: 15    Spells: 7/7 levels left

rFire    . . .     SeeInvis .   s - +2 short sword (speed)
rCold    . . .     Faith    .   x - +0 buckler
rNeg     . . .     Spirit   .   (helmet restricted)
rPois    .         Reflect  .   (no amulet)
rElec    .         Harm     .   g - +4 ring of evasion
rCorr    .         Rampage  .   h - ring of wizardry
Will     .....                  o - ring of wizardry
Stlth    +++++.....             (no ring)
HPRegen  0.16/turn              (no ring)
MPRegen  0.11/turn              (no ring)
                                (no ring)
                                (no ring)

@: no status effects
A: almost no armour, amphibious, 8 rings, camouflage 1, gelatinous body 1,
(nimble swimmer 1), tentacles
a: no special abilities


You were on level 6 of the Dungeon.
You visited 2 branches of the dungeon, and saw 7 of its levels.

You collected 233 gold pieces.

Inventory:

Hand Weapons
 a - a +2 dagger
 s - a +2 short sword of speed (weapon)
 v - a +0 rapier
Missiles
 b - 29 poisoned darts
 n - 7 boomerangs of dispersal
 q - 4 boomerangs (quivered)
Armour
 x - a +0 buckler (worn)
Jewellery
 g - a +4 ring of evasion (left tentacle)
 h - a ring of wizardry (right tentacle)
 o - a ring of wizardry (on tentacle)
Scrolls
 c - a scroll of fog
 j - 6 scrolls of teleportation
 k - a scroll of enchant weapon
 p - a scroll of immolation
 t - 2 scrolls of enchant armour
 u - 3 scrolls of magic mapping
 w - a scroll of fear {unknown}
Potions
 d - a potion of might {unknown}
 e - 4 potions of curing
 f - 2 potions of flight {unknown}
 i - 2 potions of degeneration {unknown}
 l - a potion of haste {unknown}
 m - 2 potions of attraction {unknown}
 r - 4 potions of brilliance {unknown}
 z - a potion of cancellation {unknown}


   Skills:
 - Level 2.0 Fighting
 * Level 7.8 Short Blades
 - Level 2.0 Throwing
 - Level 1.0 Dodging
 + Level 9.2 Stealth
 + Level 2.2 Shields


You had 7 spell levels left.
You didn't know any spells.
Your spell library contained the following spells:

 Spells                   Type           Power      Damage    Failure   Level
 Animate Skeleton         Necr           0%         N/A       11%         1
 Apportation              Tloc           0%         N/A       11%         1
 Corona                   Hex            0%         N/A       11%         1
 Summon Small Mammal      Summ           0%         N/A       11%         1
 Poisonous Vapours        Pois/Air       0%         N/A       16%         2
 Gell's Gravitas          Tloc           0%         N/A       28%         3
 Lesser Beckoning         Tloc           0%         N/A       28%         3
 Stone Arrow              Conj/Erth      0%         3d7       28%         3
 Teleport Other           Tloc           0%         N/A       28%         3
 Bolt of Magma            Conj/Fire/Erth 0%         4d4       92%         5
 Lightning Bolt           Conj/Air       0%         1d11      92%         5
 Summon Forest            Summ/Tloc      0%         N/A       92%         5
 Malign Gateway           Summ/Tloc      0%         N/A       100%        7
 Shatter                  Erth           0%         3d5*      100%        9


Dungeon Overview and Level Annotations

Branches:
Dungeon (6/15)             Temple (1/1) D:5

Altars:
Cheibriados
Dithmenos
Elyvilon
Fedhas
Hepliaklqana
Makhleb
Nemelex Xobeh
Okawaru
Sif Muna
Uskayaw
Vehumet
Xom
Yredelemnul
Zin

Shops:
D:4 (

Annotations:
D:5 2 transporters, Tzialkovskiy's ghost, amateur GrFi


Innate Abilities, Weirdness & Mutations

You cannot wear most types of armour.
You are amphibious.
You can wear up to eight rings at the same time.
Your skin changes colour to match your surroundings (Stealth+).
Your rubbery body absorbs attacks. (AC +1, EV +1)
((You are camouflaged near water. (Stealth+)))
You have tentacles for arms and can constrict up to eight enemies at once.


Message History

You puncture the orc wizard! Your grab misses the orc wizard.
Your squeeze misses the orc wizard.
The orc wizard is heavily wounded.
The orc wizard misses you.
You hit the orc wizard. You grab the orc wizard. You squeeze the orc wizard.
You kill the orc wizard!
The orc warrior closely misses you.
You puncture the orc warrior! You grab the orc warrior.
The orc warrior is moderately wounded.
You constrict the orc warrior, but do no damage.
You hit the orc warrior.
The orc warrior is moderately wounded.
You constrict the orc warrior, but do no damage.
The orc warrior hits you with a +1 war axe of electrocution!
You hit the orc warrior.
The orc warrior is heavily wounded.
You constrict the orc warrior, but do no damage.
You hit the orc warrior but do no damage.
The orc warrior is heavily wounded.
You constrict the orc warrior, but do no damage.
The orc warrior misses you.
You hit the orc warrior.
The orc warrior is heavily wounded.
You constrict the orc warrior, but do no damage.
You hit the orc warrior but do no damage.
You squeeze the orc warrior.
The orc warrior is heavily wounded.
You constrict the orc warrior, but do no damage.
The orc warrior hits you with a +1 war axe of electrocution.
You hit the orc warrior but do no damage.
The orc warrior is heavily wounded.
You constrict the orc warrior.
You hit the orc warrior but do no damage.
You squeeze the orc warrior.
The orc warrior is severely wounded.
You constrict the orc warrior.
The orc warrior hits you with a +1 war axe of electrocution!!
* * * LOW HITPOINT WARNING * * *
You are electrocuted!
You die...

#....##########'####
#......#######..###.
#......#............
#......#............
#......#..##........
#......#####........
#....(.#..#.........
#...o..'..####+####'
#.)@)..#..#.........
#......#..'.........
#......####......)..
#......#..#).....<..
#......#..#.(.....##
#......#..#.......#.
#......#..#.....[.#.
#......#.##.......##
#....##.#####......


You could see an orc warrior.

Vanquished Creatures
  Sigmund (D:4)
  Eustachio (D:6)
  A water moccasin (D:6)
  An ogre (D:6)
  A gnoll sergeant (D:5)
  A water moccasin skeleton (D:4)
  3 hounds
  A gnoll shaman (D:5)
  An orc priest (D:4)
  2 iguanas
  2 orc wizards
  A killer bee zombie (D:5)
  A hound zombie (D:5)
  A hound skeleton (D:4)
  8 gnolls (D:5)
  6 adders
  3 dart slugs
  16 orcs
  3 endoplasms
  3 giant cockroaches
  7 goblins
  9 hobgoblins
  6 kobolds
  A quokka (D:1)
  3 ball pythons
  2 frilled lizards
  5 rats
90 creatures vanquished.

Notes
Turn   | Place    | Note
-------+----------+-------------------------------------------
     0 | D:1      | Delamore the Octopode Brigand began the quest for the Orb.
     0 | D:1      | Reached XP level 1. HP: 14/14 MP: 1/1
    66 | D:1      | Found a faded altar of an unknown god.
   702 | D:1      | Reached XP level 2. HP: 19/19 MP: 2/2
  1144 | D:2      | Reached XP level 3. HP: 24/24 MP: 3/3
  1630 | D:3      | Reached skill level 6 in Stealth
  1708 | D:3      | Reached XP level 4. HP: 29/29 MP: 4/4
  2353 | D:4      | Reached XP level 5. HP: 34/34 MP: 5/5
  2656 | D:4      | Reached skill level 7 in Stealth
  2945 | D:4      | Reached skill level 5 in Short Blades
  2945 | D:4      | Reached XP level 6. HP: 28/39 MP: 6/6
  3091 | D:4      | Found Mahesere's Weapon Shop.
  3139 | D:4      | Noticed Sigmund
  3218 | D:4      | Killed Sigmund
  3565 | D:4      | Got the Compendium of the Quantum Birds
  3611 | D:5      | Entered Level 5 of the Dungeon
  3624 | D:5      | Reached XP level 7. HP: 45/45 MP: 7/7
  3645 | D:5      | Reached skill level 8 in Stealth
  3775 | D:5      | Found a staircase to the Ecumenical Temple.
  3792 | Temple   | Entered the Ecumenical Temple
  3971 | D:5      | Found a shadowy altar of Dithmenos.
  4628 | D:5      | Found a hazy altar of Hepliaklqana.
  4816 | D:5      | Found a transporter.
  4817 | D:5      | Noticed Tzialkovskiy's ghost (amateur GrFi)
  4838 | D:5      | Found a transporter.
  4917 | D:6      | Reached skill level 1 in Shields
  4991 | D:6      | Reached skill level 9 in Stealth
  4991 | D:6      | Reached XP level 8. HP: 25/50 MP: 8/8
  5318 | D:6      | Found a blossoming altar of Fedhas.
  5323 | D:6      | Noticed Eustachio
  5326 | D:6      | Killed Eustachio
  5444 | D:6      | Found a shimmering blue altar of Sif Muna.
  5563 | D:6      | Identified the +5 spear of Extermination {drain, rF+}
  5674 | D:6      | Slain by an orc warrior

Illustrated notes

Levels and vault maps discovered:
D:1:      amcnicky_arrival_double_pillar, layout_basic,
          ebering_ecumenical_altar_mist
D:2:      layout_loops_ring, item_on_display_a
D:3:      kennysheep_big_flooded_room, layout_rooms, grunt_decor_one_mirror
D:4:      cheibrodos_greedy_goblins, layout_cave_pools, serial_shops, shop,
          nrook_campfire, minivault_23, hangedman_abyss_or_decor_lesser_grid,
          uniq_sigmund
D:5:      layout_loops_ring, worldfamousw_hep_ancestral_shrine,
          nicolae_dithmenos_the_darkroom, minmay_temple_entry_drinking_statues,
          gammafunk_ghost_smash
D:6:      layout_gridville, fedhas_altar_1, mainiacjoe_overflow_boulevard,
          uniq_eustachio
Temple:   compressed_dpeg_circular_temple

Skill      XL: |  1  2  3  4  5  6  7  8 |
---------------+-------------------------+-----
Short Blades   | 3 4 5 6 7 |  7.8
Stealth        | 6 7 9 |  9.2
Shields        | 1 2 |  2.2
Fighting       | |  2.0
Throwing       | |  2.0
Dodging        | |  1.0

Action                   |  1- 3 |  4- 6 |  7- 9 || total
-------------------------+-------+-------+-------++-------
Melee: Dagger            |    45 |    79 |       ||   124
       Constrict         |     9 |    24 |    19 ||    52
       Tentacles         |     7 |    15 |    27 ||    49
       Short sword       |       |    10 |    93 ||   103
Throw: Dart              |       |     5 |     2 ||     7
       Boomerang         |       |       |     2 ||     2
  Use: Scroll            |     1 |     4 |     1 ||     6
       Potion            |       |     1 |       ||     1
 Stab: Sleeping          |    10 |     7 |     6 ||    23
       Distracted        |       |       |     1 ||     1
Armor: Skin              |     2 |     2 |       ||     4
Dodge: Dodged            |    33 |    47 |    39 ||   119
Block: Buckler           |       |       |     1 ||     1
